 Dungeon Crawl Stone Soup version 0.29.1-15-g9cfb28693d (webtiles) character file.

Game seed: 448472980581450404

173684 devnull the Phalangite (level 17, -8/128 HPs)
             Began as a Merfolk Gladiator on Apr 8, 2023.
             Was an Elder of Zin.
             Mangled by Donald
             ... wielding a +5 double sword of electrocution
              (53 damage)
             ... on level 1 of the Swamp.
             The game lasted 02:46:52 (43614 turns).

devnull the Phalangite (Merfolk Gladiator)         Turns: 43614, Time: 02:46:52

Health: -8/128     AC: 16    Str: 34    XL:     17   Next: 77%
Magic:  31/31      EV: 21    Int: 14    God:    Zin [****..]
Gold:   1624       SH: 21    Dex: 20    Spells: 16/16 levels left

rFire   + . .      SeeInvis +   a - +4 trishula (holy)
rCold   + . .      Faith    .   q - +1 tower shield {AC+3} {@W2 @T2}
rNeg    . . .      Spirit   .   L - +2 troll leather armour
rPois   ∞          Reflect  .   H - +3 crown of Dyrovepreva {rElec Int+2 SInv}
rElec   +          Harm     .   f - scarf {rC+ rF+}
rCorr   .          Rampage  .   V - +0 pair of gloves
Will    +....                   M - +2 pair of boots {Fly}
Stlth   +.........              T - amulet "Pexkec" {RegenMP rElec}
HPRegen 1.11/turn               i - +6 ring of strength
MPRegen 0.62/turn               S - ring of poison resistance

@: vitalised, on recite cooldown, flying
A: (nimble swimmer 2), mertail, fangs 1, high MP 1
}: 1/15 runes: gossamer
a: Renounce Religion, Recite, Vitalisation, Imprison, Donate Gold


You were on level 1 of the Swamp.
You worshipped Zin.
Zin was greatly pleased with you.
You visited 6 branches of the dungeon, and saw 28 of its levels.
You also visited: Gauntlet and Ice Cave.

You collected 2946 gold pieces.
You spent 1141 gold pieces at shops.
You donated 181 gold pieces to Zin.

Inventory:

Hand Weapons
 a - a +4 trishula of holy wrath (weapon)
 b - the +3 bardiche of the Charming Salmon {protect, rC- rN++ Dex+4}
   (You acquired it on level 2 of the Orcish Mines)

   It grants its wielder temporary protection when it strikes (+7 to AC).
   Dex:       It affects your dexterity (+4).
   rC:        It makes you vulnerable to cold.
   rN:        It greatly protects you from negative energy.
Missiles
 d - 6 silver javelins
 A - 25 poisoned darts (quivered)
 E - 2 throwing nets {!f}
 K - 4 curare-tipped darts
 R - 2 boomerangs of dispersal
Armour
 f - a scarf of resistance (worn)
 l - the +0 cloak "Joerhuo" {rElec}
   (You found it on level 9 of the Dungeon)

   rElec:     It insulates you from electricity.
 q - a +1 tower shield of protection (worn) {@W2 @T2}
 H - the +3 crown of Dyrovepreva (worn) {rElec Int+2 SInv}
   (You found it on level 8 of the Dungeon)

   Int:       It affects your intelligence (+2).
   rElec:     It insulates you from electricity.
   SInv:      It lets you see invisible.
 L - a +2 troll leather armour (worn)
 M - a +2 pair of boots of flying (worn)
 V - a +0 pair of gloves (worn)
Jewellery
 c - an amulet of reflection
 i - a +6 ring of strength (left hand)
 m - a +4 ring of evasion
 O - a ring of willpower
 P - the ring "Emakeulu" {Fire rN+ Dex+4 Stlth+}
   (You found it in a Gauntlet)

   [ring of fire]

   It enhances your fire magic.
   Dex:       It affects your dexterity (+4).
   rF:        It protects you from fire.
   rC:        It makes you vulnerable to cold.
   rN:        It protects you from negative energy.
   Stlth:     It makes you more stealthy.
 Q - a ring of protection from cold
 S - a ring of poison resistance (right hand)
 T - the amulet "Pexkec" (around neck) {RegenMP rElec}
   (You found it on level 4 of the Dungeon)

   [amulet of magic regeneration]

   It increases your rate of magic regeneration.
   rElec:     It insulates you from electricity.
Wands
 e - a wand of digging (6)
 j - a wand of mindburst (17)
 k - a wand of polymorph (2)
 y - a wand of quicksilver (16)
 z - a wand of roots (23)
 N - a wand of flame (31)
Scrolls
 g - 3 scrolls of blinking
 n - 4 scrolls of fog
 r - 8 scrolls of teleportation
 x - a scroll of poison
 I - 3 scrolls of magic mapping
 W - a scroll of summoning
 X - 3 scrolls of fear
 Y - 2 scrolls of silence
 Z - a scroll of brand weapon
Potions
 h - 5 potions of mutation
 o - 4 potions of attraction
 p - 2 potions of lignification
 s - a potion of flight {unknown}
 t - 5 potions of might
 u - 6 potions of curing
 v - 2 potions of cancellation
 w - a potion of magic
 B - 2 potions of resistance
 C - 10 potions of haste
 D - 2 potions of invisibility
 F - a potion of brilliance
 G - a potion of berserk rage
 J - 2 potions of heal wounds
 U - 6 potions of ambrosia


   Skills:
 - Level 10.1 Fighting
 - Level 23.9 Polearms
 - Level 6.0 Throwing
 - Level 16.0 Dodging
 + Level 15.1 Shields
 - Level 15.0 Invocations


You had 16 spell levels left.
You didn't know any spells.
Your spell library contained the following spells:

 Spells                   Type           Power      Damage    Failure   Level
 Freeze                   Ice            0%         1d3       75%         1
 Sandblast                Erth           0%         2d4       75%         1
 Blink                    Tloc           0%         N/A       86%         2
 Passwall                 Tmut/Erth      0%         N/A       86%         2
 Static Discharge         Conj/Air       0%         3-3/arc   86%         2
 Sublimation of Blood     Necr           0%         N/A       86%         2
 Confusing Touch          Hex            0%         N/A       98%         3
 Frozen Ramparts          Ice            0%         1d1       98%         3
 Portal Projectile        Hex/Tloc       0%         N/A       98%         3
 Stone Arrow              Conj/Erth      0%         3d7       98%         3
 Summon Guardian Golem    Hex/Summ       0%         N/A       98%         3
 Tukima's Dance           Hex            0%         N/A       98%         3
 Anguish                  Hex/Necr       0%         N/A       100%        4
 Dispel Undead            Necr           0%         3d6       100%        4
 Hailstorm                Conj/Ice       0%         3d3       100%        4
 Ice Form                 Ice/Tmut       0%         N/A       100%        4
 Petrify                  Tmut/Erth      0%         N/A       100%        4
 Sticky Flame             Conj/Fire      0%         2d3       100%        4
 Blade Hands              Tmut           0%         N/A       100%        5
 Irradiate                Conj/Tmut      0%         3d11      100%        5
 Manifold Assault         Tloc           0%         N/A       100%        5
 Yara's Violent Unravell  Hex/Tmut       0%         3d3       100%        5
 Conjure Ball Lightning   Conj/Air       0%         3x3d6     100%        6
 Simulacrum               Ice/Necr       0%         N/A       100%        6
 Enfeeble                 Hex            0%         N/A       100%        7
 Orb of Destruction       Conj           0%         9d5       100%        7
 Spellforged Servitor     Conj/Summ      0%         N/A       100%        7
 Storm Form               Tmut/Air       0%         N/A       100%        7
 Discord                  Hex            0%         N/A       100%        8
 Disjunction              Tloc           0%         N/A       100%        8


Dungeon Overview and Level Annotations

Branches:
Dungeon (15/15)            Temple (1/1) D:7            Lair (5/5) D:11
  Swamp (1/4) Lair:3       Spider (4/4) Lair:2        Slime (0/5) Lair:4
    Orc (2/2) D:11            Elf (0/3) Orc:2        Vaults (0/5) D:14
 Depths (0/4) D:15          IceCv (visited)         Gauntlet (visited)

Altars:
Ashenzari
Cheibriados
Dithmenos
Elyvilon
Fedhas
Gozag
Hepliaklqana
Kikubaaqudgha
Makhleb
Nemelex Xobeh
Okawaru
Qazlal
Ru
Sif Muna
Trog
Uskayaw
Vehumet
Wu Jian
Xom
Yredelemnul
Zin
The Shining One

Shops:
D:3 [(   D:4 [   Orc:1 :   Orc:2 [(**

Portals:
Abyss: Orc:1
Trove: D:12 (give +5 demon trident)

Annotations:
Swamp:1 1 runed translucent door, Donald; SuperSeabass's ghost, adept OpSu
Spider:3 Roxanne
Orc:1 2 transporters, Anuyshul's ghost, journeyman GnWn


Innate Abilities, Weirdness & Mutations

((You are very nimble when in or above water. (Stealth+, EV+, Speed+++)))
Your lower body shifts to a powerful aquatic tail in water.
You have very sharp teeth.
You have an increased reservoir of magic. (+10% MP)


Message History

Aim: Donald, wielding a +5 double sword of electrocution, wearing a +0 plate armour and wearing a +0 kite shield (water, lightly wounded, fast, strong, 81% to hit)
You throw a throwing net {!f}. The throwing net {!f} hits Donald.
Donald is caught in the net!
Donald is lightly wounded.
You hear a splash.
Donald struggles against the net. x2
You hit Donald but do no damage. You bite Donald, but do no damage.
Donald struggles against the net.
You puncture Donald!
Donald is lightly wounded.
Donald struggles against the net.
The net rips apart, and Donald comes free!
Throw: 3 throwing nets {!f}
Press: ? - help, Shift-Dir - straight line, f/p - Donald
Aim: Donald, wielding a +5 double sword of electrocution, wearing a +0 plate armour and wearing a +0 kite shield (water, lightly wounded, fast, strong, 81% to hit)
You throw a throwing net {!f}. The throwing net {!f} hits Donald.
Donald is caught in the net!
Donald is lightly wounded.
You hear a splash.
Donald struggles against the net.
You catch the helpless Donald completely off-guard!
You impale Donald!!
Donald is moderately wounded.
Donald says, "That buzzing noise?
I hate that the most."
Donald struggles against the net.
You puncture Donald!
Donald is heavily wounded.
Donald struggles against the net. x2
The net rips apart, and Donald comes free!
Really fire
E - 2 throwing nets {!f}?
Unknown command.
Unknown command.
Throw: 5 darts (curare)
Press: ? - help, Shift-Dir - straight line, f/p - Donald
Aim: Donald, wielding a +5 double sword of electrocution, wearing a +0 plate armour and wearing a +0 kite shield (water, moderately wounded, fast, strong, 81% to hit)
You throw a curare-tipped dart.
The curare-tipped dart barely misses Donald.
You hear a splash.
Donald hits you with a +5 double sword of electrocution!!!
You die...

♣.~~~..~.♣.~~~...~~~~~~~~~..
♣~...~~~.♣......~~~~~~~~~..♣
♣♣♣♣♣♣~~.~.~~...§~~~~~~~....
♣♣♣♣~.~~..~~~~~~~~..♣♣~
♣~..♣.........~~~..§♣ ♣
♣.~.♣~..~..~~...~♣♣♣♣
♣~..~....♣≈♣~~..♣
♣♣.~~..~≈≈≈≈≈...
♣♣.~.@♣≈≈≈≈≈♣~.
♣♣♣♣♣@≈≈≈≈≈≈.. ♣.~~≈≈≈≈≈≈♣..
♣..~~~≈≈≈≈≈...
♣♣♣...~♣≈.~~.~ ♣♣.~♣.~[...~
♣♣♣~....~.. ♣.~..§.. ♣~~.~.


You could see Donald (fast, strong).

Vanquished Creatures
  Arachne (Spider:2)
  Mlioglotl (Spider:2)
  Agnes (D:15)
  5 emperor scorpions
  A ghost moth (Spider:3)
  An orc warlord (Orc:1)
  2 very ugly things (IceCv)
  A stone giant (D:15)
  5 broodmothers
  A minotaur (Lair:4)
  9 entropy weavers
  4 bunyips
  A spark wasp (Spider:3)
  A green death (Gauntlet)
  An ettin (Orc:1)
  A fire dragon (Lair:5)
  3 hydras (Lair:5)
  6 boulder beetles
  3 centaur warriors
  A jorogumo (Spider:4)
  3 two-headed ogres
  A radroach (Spider:3)
  8 death yaks
  2 alligators (Swamp:1)
  3 tengu warriors
  An orc high priest (Orc:1)
  A deep elf knight (Orc:1)
  Sonja (D:11)
  11 pharaoh ants
  Amaemon (D:11)
  A glowing orange brain (Gauntlet)
  A swamp dragon (Swamp:1)
  A sun moth (Spider:4)
  2 bog bodies (Swamp:1)
  9 orb spiders
  2 spriggan druids (Swamp:1)
  5 steelbarb worms (Spider:4)
  A harpy (shapeshifter) (D:13)
  2 orange crystal statues
  Pikel (D:7)
  A lindwurm (Lair:5)
  3 deep elf pyromancers
  A deep elf zephyrmancer (Orc:1)
  A necromancer (D:14)
  5 orc knights
  14 wolf spiders
  3 ugly things
  4 moths of wrath (Spider:4)
  6 orc sorcerers
  4 manticores
  A shining eye (Gauntlet)
  Maurice (D:13)
  3 cyclopes
  A will-o-the-wisp (Lair:3)
  11 black mambas
  3 molten gargoyles (Lair:5)
  3 torpor snails
  8 elephants (Lair:3)
  A smoke demon (Gauntlet)
  Joseph (D:8)
  2 gargoyles (D:12)
  2 orange demons
  Maggie (D:6)
  An unseen horror (D:11)
  12 cane toads
  5 kobold demonologists
  An unseen horror zombie (D:8)
  8 rime drakes
  A tengu conjurer (D:13)
  9 komodo dragons
  2 freezing wraiths (IceCv)
  5 demonic crawlers
  2 guardian mummies (D:12)
  An efreet (D:15)
  An anaconda simulacrum (IceCv)
  A red devil (Gauntlet)
  12 meliai
  5 trolls
  3 polar bears
  3 tyrant leeches (Lair:3)
  22 tarantellas
  Grinder (D:5)
  2 hornets
  5 slime creatures
  7 blink frogs
  19 jumping spiders
  24 culicivoras
  2 dire elephant simulacra (IceCv)
  3 spriggans (Swamp:1)
  A shadow (D:9)
  7 wyverns
  33 yaks
  3 vampires
  4 wraiths
  2 golden eyes (Gauntlet)
  6 basilisks
  An unseen horror simulacrum (D:9)
  Menkaure (D:5)
  6 steam dragons
  7 vampire mosquitoes
  A harpy simulacrum (IceCv)
  5 wargs
  43 redbacks
  4 swamp worms (Swamp:1)
  5 hell hounds (Lair:5)
  An acid dragon (D:14)
  A hydra simulacrum (IceCv)
  12 water moccasins
  A swamp drake (D:11)
  A sky beast (D:6)
  5 ice beasts
  39 orc warriors
  An alligator simulacrum (IceCv)
  8 wolves
  4 black bears
  9 ogres
  20 centaurs
  A phantom (D:4)
  3 gnoll sergeants
  5 kobold brigands
  4 scorpions
  14 bullfrogs
  2 necrophages
  2 wyvern zombies (D:8)
  7 wights
  40 killer bees
  2 lindwurm simulacra (IceCv)
  7 electric eels
  6 howler monkeys
  2 centaur zombies (D:8)
  4 crimson imps (Gauntlet)
  5 lava snakes (Lair:5)
  A gnoll bouda (D:6)
  4 jellies
  A human zombie (D:8)
  15 orc priests
  Crazy Yiuf (D:6)
  13 hounds
  An iguana (D:4)
  15 orc wizards
  2 killer bee zombies (D:8)
  Robin (D:2)
  3 mummies (D:8)
  19 gnolls
  10 adders
  A shadow imp (D:7)
  2 white imps (D:9)
  4 ufetubi
  4 worms
  The ghost of errorslol the Sneak, a weakling HuDe (D:6)
  4 dart slugs
  66 orcs
  5 ball pythons
  7 endoplasms
  6 giant cockroaches
  8 hobgoblins
  5 jackals (D:3)
  4 quokkas
  6 bats
  A frilled lizard (D:3)
  7 goblins
  21 kobolds
  4 rats
920 creatures vanquished.

Vanquished Creatures (others)
  An orc warrior (Orc:1)
  4 foxfires (Swamp:1)
  17 fungi
  26 plants
48 creatures vanquished.

Grand Total: 968 creatures vanquished

Notes
Turn   | Place    | Note
-------+----------+-------------------------------------------
     0 | D:1      | devnull the Merfolk Gladiator began the quest for the Orb.
     0 | D:1      | Reached XP level 1. HP: 16/16 MP: 1/1
   556 | D:1      | Reached XP level 2. HP: 22/22 MP: 2/2
   570 | D:1      | Found a faded altar of an unknown god.
   674 | D:2      | Reached skill level 5 in Polearms
   764 | D:2      | Noticed Robin
  1036 | D:2      | Killed Robin
  1037 | D:2      | Reached XP level 3. HP: 9/27 MP: 3/3
  1470 | D:2      | Reached skill level 6 in Polearms
  1849 | D:2      | Reached XP level 4. HP: 20/33 MP: 4/4
  2310 | D:3      | Found Ziablyw's Antique Armour Emporium.
  2329 | D:3      | Found Lejo Ynn's Antique Weapon Boutique.
  2352 | D:3      | Found a sacrificial altar of Ru.
  2863 | D:3      | Reached skill level 7 in Polearms
  2863 | D:3      | Reached XP level 5. HP: 22/38 MP: 5/5
  3319 | D:3      | Gained mutation: You are robust. (+10% HP) [potion of
                  | mutation]
  3319 | D:3      | Gained mutation: You are somewhat resistant to further
                  | mutation. [potion of mutation]
  3353 | D:3      | Reached skill level 8 in Polearms
  3986 | D:4      | Reached XP level 6. HP: 48/48 MP: 6/6
  4133 | D:4      | Reached skill level 9 in Polearms
  4212 | D:4      | Found Etunatak's Antique Armour Emporium.
  4233 | D:4      | Found a burning altar of Makhleb.
  4764 | D:4      | Identified the amulet "Pexkec" {RegenMP rElec}
  4913 | D:5      | Entered Level 5 of the Dungeon
  4916 | D:5      | Noticed Menkaure
  5103 | D:5      | Reached skill level 10 in Polearms
  5321 | D:5      | Noticed Grinder
  5370 | D:5      | Killed Grinder
  5371 | D:5      | Reached XP level 7. HP: 42/55 MP: 7/7
  6061 | D:4      | Found a burning altar of Makhleb.
  6741 | D:5      | Killed Menkaure
  7025 | D:5      | Reached XP level 8. HP: 61/61 MP: 8/8
  7269 | D:5      | Reached skill level 11 in Polearms
  7801 | D:6      | Reached skill level 12 in Polearms
  7900 | D:6      | Noticed Maggie
  7932 | D:6      | Killed Maggie
  7933 | D:6      | Reached skill level 5 in Fighting
  7933 | D:6      | Reached XP level 9. HP: 52/74 MP: 9/9
  8080 | D:6      | Found a runed translucent door.
  8081 | D:6      | Noticed Crazy Yiuf
  8119 | D:6      | Reached skill level 13 in Polearms
  8226 | D:6      | Found a large runed translucent door.
  8226 | D:6      | Found a large runed translucent door.
  8306 | D:6      | Noticed errorslol's ghost (weakling HuDe)
  8523 | D:6      | Killed errorslol's ghost
  8569 | D:6      | Killed Crazy Yiuf
  9033 | D:7      | Noticed a kobold demonologist
  9177 | D:6      | Reached skill level 14 in Polearms
  9200 | D:7      | Killed a kobold demonologist
  9329 | D:7      | Found a staircase to the Ecumenical Temple.
  9357 | Temple   | Entered the Ecumenical Temple
  9740 | D:7      | Reached skill level 15 in Polearms
  9812 | D:7      | Noticed Pikel
  9823 | D:7      | Killed Pikel
  9824 | D:7      | Reached skill level 10 in Dodging
  9824 | D:7      | Reached XP level 10. HP: 58/81 MP: 10/10
  9986 | D:7      | Found an opulent altar of Gozag.
 10219 | D:7      | Found a glowing silver altar of Zin.
 10220 | D:7      | Noticed an angel
 11223 | D:7      | Became a worshipper of Zin the Law-Giver
 11223 | D:7      | Reached * piety under Zin
 11555 | D:8      | Noticed Joseph
 11598 | D:8      | Killed Joseph
 11722 | D:8      | Reached skill level 1 in Invocations
 11935 | D:8      | Noticed an orange crystal statue
 12087 | D:8      | Lost intelligence.
 12091 | D:8      | Killed an orange crystal statue
 12187 | D:8      | Reached skill level 5 in Invocations
 12309 | D:8      | Reached XP level 11. HP: 86/86 MP: 14/14
 12320 | D:8      | Found the +3 crown of Dyrovepreva {rElec Int+2 SInv}
 12410 | D:8      | Reached ** piety under Zin
 12833 | D:8      | Found a basalt altar of Yredelemnul.
 13746 | D:9      | Identified the +0 cloak "Joerhuo" {rElec}
 14078 | D:9      | Noticed a two-headed ogre
 14113 | D:9      | Killed a two-headed ogre
 14114 | D:9      | Reached skill level 10 in Invocations
 14981 | D:10     | Entered Level 10 of the Dungeon
 15041 | D:10     | Reached *** piety under Zin
 15766 | D:10     | Reached skill level 16 in Polearms
 15879 | D:10     | Found a blossoming altar of Fedhas.
 15889 | D:10     | Reached XP level 12. HP: 86/94 MP: 19/19
 16499 | D:11     | Noticed Sonja
 16508 | D:11     | Killed Sonja
 16509 | D:11     | Reached skill level 17 in Polearms
 16655 | D:11     | Found a staircase to the Lair.
 17279 | D:11     | Reached skill level 18 in Polearms
 17280 | D:11     | Noticed Amaemon
 17310 | D:11     | Killed Amaemon
 17724 | D:11     | Reached **** piety under Zin
 17741 | D:11     | Found a staircase to the Orcish Mines.
 18092 | Lair:1   | Entered Level 1 of the Lair of Beasts
 18379 | Lair:1   | Reached skill level 19 in Polearms
 19169 | Lair:2   | Found a hole to the Spider Nest.
 19232 | Lair:2   | Reached ***** piety under Zin
 19418 | Lair:2   | Reached skill level 20 in Polearms
 19824 | Lair:3   | Found a staircase to the Swamp.
 19956 | Lair:3   | Reached XP level 13. HP: 97/100 MP: 21/21
 21298 | Temple   | Fell from the grace of Zin
 21298 | Temple   | Became a worshipper of the Shining One
 21298 | Temple   | Reached * piety under the Shining One
 21298 | Temple   | Reached ** piety under the Shining One
 21557 | Lair:4   | Found a runed translucent door.
 21565 | Lair:4   | Found a staircase to the Slime Pits.
 21945 | Lair:4   | Found a gate leading to a gauntlet.
 21951 | Gauntlet | Entered a Gauntlet
 21951 | Gauntlet | Reached *** piety under the Shining One
 21951 | Gauntlet | Found a transporter.
 22302 | Gauntlet | Found a transporter.
 22305 | Gauntlet | Found a transporter.
 22306 | Gauntlet | Found a transporter.
 22317 | Gauntlet | Found a transporter.
 22318 | Gauntlet | Found a transporter.
 22319 | Gauntlet | Found a transporter.
 22330 | Gauntlet | Found a transporter.
 22331 | Gauntlet | Found a transporter.
 22331 | Gauntlet | Found a transporter.
 22339 | Gauntlet | Noticed a green death
 22343 | Gauntlet | Found a transporter.
 22344 | Gauntlet | Found a transporter.
 22345 | Gauntlet | Found a transporter.
 22355 | Gauntlet | Found a transporter.
 22529 | Gauntlet | Gained mutation: You occasionally lose the ability to read
                  | scrolls when taking damage. [a shining eye]
 22589 | Gauntlet | Lost mutation: You are somewhat resistant to further
                  | mutation. [potion of mutation]
 22589 | Gauntlet | Lost mutation: You are robust. (+10% HP) [potion of
                  | mutation]
 22589 | Gauntlet | Lost mutation: You occasionally lose the ability to read
                  | scrolls when taking damage. [potion of mutation]
 22589 | Gauntlet | Gained mutation: You have very sharp teeth. [potion of
                  | mutation]
 22589 | Gauntlet | Gained mutation: You have an increased reservoir of magic.
                  | (+10% MP) [potion of mutation]
 22627 | Gauntlet | Killed a green death
 22628 | Gauntlet | Reached skill level 15 in Invocations
 22631 | Gauntlet | Identified the ring "Emakeulu" {Fire rN+ Dex+4 Stlth+}
 22752 | Gauntlet | Identified the amulet of Mytt {Spirit rC+ Will+ Stlth+}
 22752 | Gauntlet | Noticed a minotaur
 23139 | Lair:4   | Reached XP level 14. HP: 55/98 MP: 27/27
 23403 | Lair:4   | Reached skill level 15 in Dodging
 23643 | Lair:5   | Entered Level 5 of the Lair of Beasts
 24887 | Lair:5   | Found a large runed translucent door.
 24947 | Lair:5   | Found a large runed translucent door.
 25262 | Orc:1    | Entered Level 1 of the Orcish Mines
 25539 | Orc:1    | Found a transporter.
 25539 | Orc:1    | Noticed an orc warlord
 25547 | Orc:1    | Found a transporter.
 25547 | Orc:1    | Noticed Anuyshul's ghost (journeyman GnWn)
 25549 | Orc:1    | Reached **** piety under the Shining One
 25555 | Orc:1    | Found a one-way gate to the infinite horrors of the Abyss.
 25683 | Orc:1    | Found Juidono's Book Boutique.
 25842 | Orc:1    | Identified the +6 scimitar "Yfydumin" {vorpal, rF+}
 25844 | Orc:1    | Paralysed by an orc sorcerer for 3 turns
 26159 | Orc:1    | Reached skill level 5 in Throwing
 26168 | Orc:1    | Noticed an orc warlord
 26208 | Orc:1    | Killed an orc warlord
 26546 | Orc:2    | Entered Level 2 of the Orcish Mines
 27346 | Orc:2    | Found Gibynoth's Weapon Shop.
 27346 | Orc:2    | Found Abbuapuga's General Store.
 27346 | Orc:2    | Found Goepilua's General Store.
 27349 | Orc:2    | Found Fudene's Armour Boutique.
 27564 | Orc:2    | Found a staircase to the Elven Halls.
 27682 | Orc:2    | Reached skill level 10 in Fighting
 27695 | Orc:2    | Reached XP level 15. HP: 81/115 MP: 28/28
 27786 | Orc:2    | Bought a +0 pair of gloves for 45 gold pieces
 27794 | Orc:2    | Bought a scroll of acquirement for 884 gold pieces
 27798 | Orc:2    | Bought a scroll of fear for 68 gold pieces
 27800 | Orc:2    | Acquired the +3 bardiche of the Charming Salmon {protect,
                  | rC- rN++ Dex+4}
 27810 | Orc:2    | Bought a scroll of teleportation for 48 gold pieces
 27820 | Orc:2    | Bought 2 potions of attraction for 96 gold pieces
 29836 | D:12     | Reached skill level 21 in Polearms
 30703 | D:12     | Found a portal to a secret trove of treasure.
 30848 | D:13     | Reached ***** piety under the Shining One
 30872 | D:13     | Noticed Maurice
 31020 | D:13     | Reached skill level 22 in Polearms
 31042 | D:13     | Killed Maurice
 31811 | D:14     | Found a gate to the Vaults.
 32479 | D:15     | Entered Level 15 of the Dungeon
 32504 | D:15     | Reached skill level 23 in Polearms
 32567 | D:15     | Found an iron altar of Okawaru.
 32603 | D:15     | Noticed Agnes
 32619 | D:15     | Killed Agnes
 32989 | D:15     | Found a staircase to the Depths.
 33802 | Spider:1 | Entered Level 1 of the Spider Nest
 33938 | Spider:1 | Reached XP level 16. HP: 114/122 MP: 29/29
 33954 | Spider:1 | Reached ****** piety under the Shining One
 34057 | Lair:2   | Reached skill level 1 in Shields
 34284 | Lair:2   | Identified a +2 trishula of holy wrath (a +0 demon trident
                  | of venom blessed by the Shining One)
 34284 | Lair:2   | Received a gift from the Shining One
 34729 | D:7      | Fell from the grace of the Shining One
 34729 | D:7      | Became a worshipper of Zin the Law-Giver
 34895 | Swamp:1  | Entered Level 1 of the Swamp
 35387 | Spider:1 | Reached skill level 5 in Shields
 35822 | Spider:2 | Found a frozen archway.
 35842 | IceCv    | Entered an ice cave
 35858 | IceCv    | HP: 1/122 [white very ugly thing (21)]
 35859 | IceCv    | Found a transporter.
 35914 | IceCv    | Found a transporter.
 36447 | Spider:2 | Noticed Arachne
 36482 | Spider:2 | Killed Arachne
 36786 | Spider:2 | Noticed Mlioglotl
 37041 | Spider:2 | Killed Mlioglotl
 37712 | Spider:3 | Identified Roxanne's Compilation of Transfiguration
 37712 | Spider:3 | Noticed Roxanne
 38432 | Spider:3 | Reached skill level 10 in Shields
 39434 | Spider:4 | Entered Level 4 of the Spider Nest
 39812 | Spider:4 | Reached XP level 17. HP: 126/128 MP: 31/31
 41292 | Spider:3 | HP: 4/128 [redback (16)]
 42006 | Spider:4 | Got a gossamer rune of Zot
 42399 | Swamp:1  | Noticed a tentacled monstrosity
 42401 | Swamp:1  | Found a runed translucent gate.
 42405 | Swamp:1  | Noticed a tentacled monstrosity
 42444 | Swamp:1  | Noticed SuperSeabass's ghost (adept OpSu)
 43522 | Swamp:1  | Reached skill level 15 in Shields
 43592 | Swamp:1  | Noticed Donald
 43614 | Swamp:1  | Mangled by Donald

Illustrated notes

Levels and vault maps discovered:
D:1:      erik_arrival_blinker_ship, layout_basic,
          shapermc_ecumenical_altar_acropolis
D:2:      layout_basic, uniq_robin
D:3:      minmay_recursive_quarters, layout_rooms,
          nicolae_overflow_crystal_walls, serial_shops,
          nicolae_shop_advertising_works [nicolae_subvault_shop_adworks],
          nicolae_shop_hallway_stairs, kennysheep_generic_room_7
D:4:      layout_gridville, bloody_makhleb, serial_shops,
          nicolae_shop_hallway_plus
D:5:      layout_gridville, uniq_grinder, uniq_menkaure
D:6:      layout_cave_pools, ebering_ghost_disaster_area, st_stairs_13,
          uniq_crazy_yiuf_cottage, uniq_maggie
D:7:      layout_loops_corners, lemuel_doored_altar, zin_angel,
          minmay_temple_entry_mini_moons, minmay_starry_boxes, uniq_pikel
D:8:      minmay_statue_hallways, layout_loops_cross,
          lemuel_mausoleum_altar_yredelemnul, serial_glass, glass_columns_a,
          glass_columns_c, fungi_pond_lemuel, kennysheep_pointless_box,
          abandoned_shop, minmay_fractal_squares_gapless_5, uniq_joseph
D:9:      layout_irregular_city, serial_ice, serial_ice_f, serial_ice_o,
          serial_ice_a, serial_ice_i, grunt_decor_arrowhead,
          grunt_ministairs_15, grunt_ogre_cave
D:10:     layout_loops_cross, fedhas_altar_1
D:11:     layout_roguey, erik_lair_island, erik_orc_1, uniq_sonja, uniq_amaemon
D:12:     layout_loops_corners, nicolae_trove_entry_path_of_doom,
          mrwooster_statue_mirror
D:13:     layout_cave_pools, uniq_maurice
D:14:     layout_stronghold, david_vaults_1, serial_bayou_pond_e
D:15:     grunt_enter_depths_snipers, layout_basic, okawaru_gym_becter,
          corexii_checkpoint_a, uniq_agnes
Temple:   minmay_temple_bridge_d
Lair:1:   layout_loops_ring, serial_bayou_shore_a
Lair:2:   layout_regular_city, dummy_spider_entry, beast_lair_carwin_10,
          serial_bayou_shore_b
Lair:3:   layout_roguey, swamp_mist, st_stairs_8
Lair:4:   layout_cave_pods, slime_entry_2, gauntlet_entry_generic,
          lemuel_fruit_fields
Lair:5:   cheibrodos_lair_end_hotspot, layout_cave_pods, lookout_lair_type,
          minmay_lair_drake_nest, lemuel_fruit_tree
Swamp:1:  layout_basic_swamp, gammafunk_ghost_split,
          evilmike_swamp_ruin_house_4, swamp_pool1, uniq_donald
Spider:1: layout_spider_delve
Spider:2: layout_cave_pods, portal_ice_cave_entry_pillars_2, uniq_arachne,
          uniq_mlioglotl
Spider:3: layout_spider_delve, nicolae_spider_circle_web, uniq_roxanne
Spider:4: hellmonk_spider_rune_endless_swarm
Orc:1:    layout_caves, gammafunk_ghost_abyssal_escape, serial_shops,
          nicolae_shop_trees, elf_legates
Orc:2:    st_orc_rangers, layout_diamond_mine

Skill      XL: |  1  2  3  4  5  6  7  8  9 10 11 12 13 14 15 16 17 |
---------------+----------------------------------------------------+-----
Polearms       | 5 6 7 8 10 12 15 16 20 23 | 23.9
Dodging        | 6 8 10 13 14 16 | 16.0
Fighting       | 5 10 | 10.1
Invocations    | 5 10 11 15 | 15.0
Throwing       | 6 |  6.0
Shields        | 11 15 | 15.1

Action                   |  1- 3 |  4- 6 |  7- 9 | 10-12 | 13-15 | 16-18 || total
-------------------------+-------+-------+-------+-------+-------+-------++-------
Melee: Trident           |    20 |   115 |    21 |   786 |   106 |       ||  1048
       Whip              |    46 |   157 |       |       |       |       ||   203
       Punch             |     1 |     2 |     7 |    19 |    16 |     1 ||    46
       Spear             |       |       |   328 |   635 |   537 |       ||  1500
       Tailslap          |       |       |       |     2 |     2 |       ||     4
       Bite              |       |       |       |       |   152 |   164 ||   316
       Halberd           |       |       |       |       |   513 |       ||   513
       Glaive            |       |       |       |       |    27 |       ||    27
       Bardiche          |       |       |       |       |   362 |   111 ||   473
       Trishula          |       |       |       |       |       |   911 ||   911
Throw: Throwing net      |     1 |     3 |     4 |     5 |     9 |     3 ||    25
       Dart              |       |     6 |    40 |    52 |    41 |   136 ||   275
       Javelin           |       |       |     1 |       |     6 |     2 ||     9
       Boomerang         |       |       |       |       |     2 |       ||     2
Invok: Recite            |       |       |       |     7 |       |    12 ||    19
       Vitalisation      |       |       |       |     4 |     2 |    19 ||    25
       Cleansing Flame   |       |       |       |       |    12 |     2 ||    14
       Divine Shield     |       |       |       |       |    10 |       ||    10
       Imprison          |       |       |       |       |       |     4 ||     4
       Sanctuary         |       |       |       |       |       |     2 ||     2
       Brand Weapon With |       |       |       |       |       |     1 ||     1
Evoke: Wand              |       |       |       |       |       |     3 ||     3
  Use: Scroll            |       |     6 |       |     8 |    21 |     5 ||    40
       Potion            |       |     2 |       |       |    10 |    10 ||    22
 Stab: Sleeping          |     2 |     1 |       |     1 |       |       ||     4
       Held in net/web   |       |     1 |     2 |     2 |     1 |     2 ||     8
       Distracted        |       |       |       |     1 |       |       ||     1
       Invisible         |       |       |       |     4 |       |       ||     4
       Confused          |       |       |       |     3 |       |     1 ||     4
       Paralysed         |       |       |       |     1 |       |       ||     1
Armor: Leather armour    |    13 |    71 |    22 |       |       |       ||   106
       Ring mail         |       |       |       |   121 |     6 |       ||   127
       Troll leather arm |       |       |       |    39 |   167 |   166 ||   372
       Quicksilver drago |       |       |       |       |    15 |    45 ||    60
Dodge: Dodged            |    30 |   212 |   157 |   959 |   987 |   609 ||  2954
Block: Other             |       |       |       |       |   139 |    35 ||   174
       Reflection        |       |       |       |       |    13 |     4 ||    17
       Buckler           |       |       |       |       |       |   161 ||   161
       Tower shield      |       |       |       |       |       |   607 ||   607
